 Dungeon Crawl Stone Soup version 0.27-a0-1331-g60ef6b6952 (webtiles) character file.

Game seed: 1968467580866490421

16623 Nattfarinn the Transmogrifier (level 12, -21/106 HPs)
             Began as a Merfolk Transmuter on June 25, 2021.
             Was a High Priest of Okawaru.
             Demolished by an orc warrior (32 damage)
             ... in a bailey.
             The game lasted 00:44:23 (16585 turns).

Nattfarinn the Transmogrifier (Merfolk Transmuter) Turns: 16585, Time: 00:44:23

Health: -21/106    AC:  8    Str: 14    XL:     12   Next: 39%
Magic:  11/15      EV: 12    Int: 14    God:    Okawaru [*****.]
Gold:   695        SH:  0    Dex: 14    Spells: 3/15 levels left

rFire    x . .     SeeInvis .     - Unarmed
rCold    + + +     Faith    .   (shield currently unavailable)
rNeg     + . .     Spirit   .   (armour currently unavailable)
rPois    +         Reflect  .   (helmet currently unavailable)
rElec    .         Harm     .   (cloak currently unavailable)
rCorr    .         Rampage  .   (gloves currently unavailable)
Will     .....                  (boots currently unavailable)
Stlth    +.........             (no amulet)
HPRegen  0.27/turn              E - ring of wizardry
MPRegen  0.14/turn              u - ring of positive energy

@: ice-form
A: freezing attack, boosted hp, large, (nimble swimmer 2), (mertail)
a: End Transformation, Renounce Religion, Heroism, Finesse


You were in a bailey.
You worshipped Okawaru.
Okawaru was extremely pleased with you.
You were a creature of crystalline ice.
You visited 2 branches of the dungeon, and saw 12 of its levels.
You also visited: Ossuary and Bailey.

You collected 695 gold pieces.

Inventory:

Hand Weapons
 R - the +6 arbalest of the Spectre {elec, rC- Str+10 Int+2}
   (Okawaru gifted it to you on level 9 of the Dungeon)

   It charges the ammunition it shoots with electricity; occasionally upon a
   hit, such missiles may discharge and cause terrible harm.
   It affects your strength (+10).
   It affects your intelligence (+2).
   It makes you vulnerable to cold.
Missiles
 p - 17 poisoned darts
 G - 6 atropa-tipped darts
 P - 2 curare-tipped darts
 S - 22 bolts
Armour
 a - a +0 robe
 e - a +0 leather armour
 i - a +0 pair of boots (melded)
 w - +0 steam dragon scales (melded)
 y - a +0 buckler (melded)
 I - a +0 cloak (melded)
Jewellery
 u - a ring of positive energy (right front paw)
 E - a ring of wizardry (left front paw)
 O - a ring of positive energy
Wands
 H - a wand of iceblast (6)
 K - a wand of charming (6)
 M - a wand of paralysis (7)
 N - a wand of flame (17)
Scrolls
 c - 3 scrolls of fear
 d - a scroll of magic mapping
 k - 2 scrolls of immolation {unknown}
 n - 2 scrolls of fog
 o - 3 scrolls of enchant weapon
 q - 3 scrolls of enchant armour {unknown}
 r - 2 scrolls of summoning
 s - a scroll of acquirement {unknown}
 t - 2 scrolls of amnesia
 v - 5 scrolls of teleportation
 D - a scroll of silence {unknown}
 J - 5 scrolls of identify
 L - a scroll of torment {unknown}
 Q - a scroll of brand weapon {unknown}
 U - a scroll of blinking {unknown}
Potions
 f - 7 potions of curing
 g - 2 potions of lignification {unknown}
 h - 2 potions of might
 j - 4 potions of haste
 l - a potion of resistance {unknown}
 m - a potion of cancellation {unknown}
 x - 2 potions of heal wounds {unknown}
 z - a potion of brilliance {unknown}
 A - a potion of invisibility {unknown}
 B - a potion of attraction {unknown}
 C - 2 potions of degeneration {unknown}
 F - a potion of magic {unknown}
 T - a potion of ambrosia {unknown}


   Skills:
 - Level 6.8 Fighting
 - Level 5.3 Armour
 - Level 5.5 Dodging
 - Level 4.0 Shields
 + Level 10.6 Unarmed Combat
 - Level 2.0 Spellcasting
 * Level 11.8 Transmutations
 - Level 8.5 Ice Magic
 - Level 3.9 Poison Magic
 - Level 6.0 Evocations


You had 3 spell levels left.
You knew the following spells:

 Your Spells              Type           Power      Damage    Failure   Level
a - Beastly Appendage     Tmut           68%        N/A       1%          1
b - Spider Form           Tmut/Pois      11%        N/A       1%          3
c - Ice Form              Ice/Tmut       29%        N/A       1%          4
d - Airstrike             Air            0%         N/A       65%         4

Your spell library contained the following spells:

 Spells                   Type           Power      Damage    Failure   Level
 Wereblood                Tmut           34%        N/A       1%          2
 Ensorcelled Hibernation  Hex/Ice        26%        N/A       2%          2
 Corona                   Hex            1%         N/A       10%         1
 Shock                    Conj/Air       4%         1d3       10%         1
 Static Discharge         Conj/Air       1%         N/A       14%         2
 Confusing Touch          Hex            1%         N/A       26%         3
 Dazzling Flash           Conj/Hex       2%         N/A       26%         3
 Swiftness                Air            1%         N/A       26%         3
 Tukima's Dance           Hex            1%         N/A       26%         3
 Lightning Bolt           Conj/Air       0%         1d11      92%         5


Dungeon Overview and Level Annotations

Branches:
Dungeon (11/15)            Temple (1/1) D:4            Lair (0/6) D:11
Ossuary (visited)          Bailey (1/1)
    Orc: D:9-12

Altars:
Dithmenos
Kikubaaqudgha
Nemelex Xobeh
Okawaru
Qazlal
Ru
Wu Jian
Xom

Shops:
D:5 =

Annotations:
D:5 1 runed translucent door, Crazy Yiuf
D:10 2 transporters, fly's ghost, journeyman HuDe


Innate Abilities, Weirdness & Mutations

You are a creature of crystalline ice.
You have a powerful freezing melee attack.
Your maximum health is increased.
Your armour is entirely melded.
You are incapable of wielding weapons or throwing items.
((You are quick and stealthy near water. (Stealth+, EV+, Speed+++)))
((Your lower body shifts to a powerful aquatic tail in water.))


Message History

The bolt of acid hits the orc warlord!
The orc warlord is splashed with acid!
The orc warlord seems to be corroded for longer.
The orc warlord is almost dead.
The bolt of acid misses the orc knight.
The bolt of acid misses the orc warrior.
The orc warlord hits you with a +1 war axe of flaming!!!
The orc warlord burns you.
Aiming: Corrosive Bolt
Press: ? - help, Shift-Dir - straight line, f/p - orc warlord
Aim: an orc warlord, wielding a +1 war axe of flaming, wearing a +0 plate armour and wearing a +0 tower shield (almost dead, strong, covered in acid, 91% to hit)
The bolt of acid hits the orc warlord!
The orc warlord is splashed with acid!
The orc warlord seems to be corroded for longer.
You kill the orc warlord!
Okawaru is honoured by your kill.
The bolt of acid hits the orc knight!
The orc knight is splashed with acid!
The orc knight is heavily wounded.
The bolt of acid hits the orc warrior!!
The orc warrior is splashed with acid.
The orc warrior is almost dead.
The now-empty wand crumbles to dust.
Okay, then.
Casting: Ice Form (dangerous; 1% risk of failure)
Confirm with . or Enter, or press ? or * to list all spells.
Okay, then.
Casting: Ice Form (dangerous; 1% risk of failure)
Confirm with . or Enter, or press ? or * to list all spells.
You turn into a creature of crystalline ice.
Your +0 cloak melds into your body.
Your +0 pair of boots melds into your body.
Your +0 buckler melds into your body.
Your +0 steam dragon scales melds into your body.
The orc warrior no longer looks unusually strong.
The orc warrior hits you with a +0 battleaxe!!
* * * LOW HITPOINT WARNING * * *
The orc knight no longer looks unusually strong.
The orc knight roars a battlecry!
The orc warrior goes into a battle-frenzy!
You hit the orc warrior. You freeze the orc warrior.
The orc warrior is lightly wounded.
The orc warrior hits you with a +0 battleaxe!!
You die...

#..........)).......
#.....⌠....)#.....⌠.
#...........#.......
#...........#.......
###.........###......
###.#)#.....###.###....
###...))###.###...
###.# ##.........###
.... ### #........Y.8#
..... #.
#.........o8#...... #.
#∩....⌠....ooo))).. #.
#..........8#...... #.
#..........8# ..... #.
##.........### .... ###
###.....###.###...
###.#
###.#'#.....###.###....
###)).......###......


You could see an orc knight and 3 orc warriors.

Vanquished Creatures
  An orc warlord (Bailey)
  2 boulder beetles (D:9)
  Erica (D:8)
  A centaur warrior (D:9)
  4 two-headed ogres
  An orc knight (Bailey)
  Pikel (D:3)
  An ugly thing (D:10)
  A cyclops (D:11)
  A gargoyle (D:10)
  Maggie (D:10)
  3 trolls
  A wyvern (D:6)
  Sigmund (D:2)
  A wraith (D:9)
  6 yaks
  Grum (D:9)
  2 vampire mosquitoes (D:10)
  2 steam dragons
  2 acid dragons
  A water moccasin (D:8)
  A hornet zombie (D:8)
  11 orc warriors
  A sky beast (D:5)
  A black bear (D:5)
  A necrophage (D:8)
  An ogre (D:5)
  7 centaurs
  A phantom (D:7)
  4 wolves (D:9)
  2 lemures
  Blork the orc (D:6)
  2 kobold brigands (D:9)
  A gnoll sergeant (D:9)
  A bullfrog (D:6)
  2 scorpions
  4 water moccasin zombies (Ossuary)
  A water moccasin skeleton (D:4)
  9 killer bees
  4 wights
  A jelly (D:6)
  3 centaur zombies
  4 hounds
  3 gnoll shamans
  A centaur skeleton (D:6)
  5 orc priests
  Jessica (D:2)
  6 orc wizards
  Natasha (thrice) (D:2)
  A scorpion zombie (D:5)
  3 mummies
  8 adders
  17 gnolls
  2 howler monkey skeletons (D:6)
  2 shadow imps
  A white imp (D:8)
  7 adder zombies (Ossuary)
  2 adder skeletons (D:4)
  38 orcs
  2 endoplasms
  3 giant cockroaches
  5 gnoll zombies (Ossuary)
  23 goblins
  18 hobgoblins
  12 jackals
  10 kobolds
  4 quokkas
  5 ball pythons
  2 bats
  3 frilled lizards
  8 hobgoblin zombies (Ossuary)
  7 kobold zombies (Ossuary)
  3 orc zombies (Ossuary)
  3 rats
306 creatures vanquished.

Notes
Turn   | Place    | Note
-------+----------+-------------------------------------------
     0 | D:1      | Nattfarinn the Merfolk Transmuter began the quest for the
                  | Orb.
     0 | D:1      | Reached XP level 1. HP: 15/15 MP: 3/3
    54 | D:1      | Reached XP level 2. HP: 12/21 MP: 1/5
   939 | D:2      | Reached XP level 3. HP: 27/27 MP: 6/6
  1157 | D:2      | Learned a level 3 spell: Spider Form
  1340 | D:2      | Found a faded altar of an unknown god.
  1345 | D:2      | Noticed Jessica
  1350 | D:2      | Killed Jessica
  1351 | D:2      | Reached XP level 4. HP: 34/34 MP: 7/7
  1394 | D:2      | Noticed Natasha
  1406 | D:2      | Killed Natasha
  1407 | D:2      | Reached skill level 3 in Transmutations
  1598 | D:2      | Noticed Sigmund
  1616 | D:2      | Noticed Natasha
  2112 | D:2      | Killed Natasha
  2113 | D:2      | Reached skill level 1 in Poison Magic
  2113 | D:2      | Reached XP level 5. HP: 26/39 MP: 6/8
  2476 | D:3      | Reached skill level 4 in Transmutations
  3090 | D:4      | Noticed a lemure
  3090 | D:4      | Noticed a lemure
  3115 | D:3      | Killed a lemure
  3237 | D:4      | Killed a lemure
  3238 | D:4      | Noticed Pikel
  3291 | D:4      | Noticed a lemure
  3292 | D:4      | Noticed a lemure
  3319 | D:3      | Killed Pikel
  3320 | D:3      | Reached skill level 7 in Transmutations
  3320 | D:3      | Reached XP level 6. HP: 11/45 MP: 7/9
  3320 | D:3      | Reached XP level 7. HP: 13/51 MP: 7/10
  3546 | D:3      | Learned a level 4 spell: Ice Form
  3639 | D:4      | Found a staircase to the Ecumenical Temple.
  3648 | Temple   | Entered the Ecumenical Temple
  3657 | Temple   | Became a worshipper of Warmaster Okawaru
  4325 | D:5      | Entered Level 5 of the Dungeon
  4327 | D:5      | Found Palaox's Jewellery Shop.
  4364 | D:5      | Reached skill level 5 in Unarmed Combat
  4364 | D:5      | Reached skill level 1 in Ice Magic
  4556 | D:5      | Reached XP level 8. HP: 57/57 MP: 8/11
  4649 | D:5      | Reached * piety under Okawaru
  4982 | D:5      | Found a sacrificial altar of Ru.
  5012 | D:5      | Found a runed translucent door.
  5013 | D:5      | Noticed Crazy Yiuf
  5052 | D:5      | Reached skill level 5 in Ice Magic
  5467 | D:6      | Found a sand-covered staircase.
  5544 | Ossuary  | Entered an ossuary
  5613 | Ossuary  | Reached ** piety under Okawaru
  5806 | Ossuary  | Reached XP level 9. HP: 62/62 MP: 9/12
  6383 | D:6      | Noticed Blork the orc
  6396 | D:6      | Killed Blork the orc
  7617 | D:7      | Reached *** piety under Okawaru
  7620 | D:7      | Reached skill level 1 in Shields
  8900 | D:2      | Killed Sigmund
  8904 | D:2      | Noticed Natasha
  8911 | D:2      | Killed Natasha
  9142 | D:8      | Reached skill level 5 in Dodging
  9145 | D:8      | Reached XP level 10. HP: 60/71 MP: 9/13
  9318 | D:8      | Noticed Erica
  9445 | D:8      | Killed Erica
  9936 | D:8      | Reached **** piety under Okawaru
  9947 | D:8      | Reached skill level 5 in Fighting
 10944 | D:9      | Noticed a two-headed ogre
 10949 | D:9      | Killed a two-headed ogre
 11241 | D:9      | Reached ***** piety under Okawaru
 11248 | D:9      | Noticed Grum
 11814 | D:9      | Killed Grum
 11815 | D:9      | Reached skill level 5 in Armour
 11931 | D:9      | Reached XP level 11. HP: 83/83 MP: 9/14
 11992 | D:9      | Noticed a two-headed ogre
 11996 | D:9      | Killed a two-headed ogre
 12195 | D:9      | Noticed a two-headed ogre
 12303 | D:9      | Noticed a centaur warrior
 12312 | D:9      | Learned a level 4 spell: Airstrike
 12317 | D:9      | Killed a centaur warrior
 12536 | D:9      | Noticed a boulder beetle
 12536 | D:9      | Noticed a boulder beetle
 12554 | D:9      | Killed a boulder beetle
 13087 | D:9      | Killed a boulder beetle
 13087 | D:9      | Identified the +6 arbalest of the Spectre {elec, rC- Str+10
                  | Int+2} (Okawaru gifted it to you on level 9 of the Dungeon)
 13087 | D:9      | Received a gift from Okawaru
 13088 | D:9      | Reached skill level 5 in Evocations
 14270 | D:10     | Entered Level 10 of the Dungeon
 14643 | D:10     | Noticed a two-headed ogre
 14654 | D:10     | Killed a two-headed ogre
 14655 | D:10     | Reached skill level 8 in Transmutations
 14854 | D:10     | Noticed a two-headed ogre
 14869 | D:10     | Killed a two-headed ogre
 14870 | D:10     | Reached skill level 9 in Transmutations
 14999 | D:10     | Noticed fly's ghost (journeyman HuDe)
 15000 | D:10     | Noticed a two-headed ogre
 15002 | D:10     | Noticed a two-headed ogre
 15003 | D:10     | Found a transporter.
 15005 | D:10     | Found a transporter.
 15005 | D:10     | Noticed Maggie
 15016 | D:10     | Killed Maggie
 15207 | D:10     | Noticed a purple ugly thing
 15224 | D:10     | Killed a purple ugly thing
 15224 | D:10     | Identified the +2 ring mail of Gallantry {rF- Will- Str+3
                  | Slay+6} (Okawaru gifted it to you on level 10 of the
                  | Dungeon)
 15224 | D:10     | Received a gift from Okawaru
 15225 | D:10     | Reached XP level 12. HP: 86/89 MP: 11/15
 15441 | D:10     | Reached skill level 10 in Unarmed Combat
 15441 | D:10     | Reached skill level 10 in Transmutations
 15716 | D:11     | Found a flagged portal.
 15730 | Bailey   | Entered a bailey
 16187 | Bailey   | Reached skill level 11 in Transmutations
 16570 | Bailey   | Noticed an orc warlord
 16581 | Bailey   | Killed an orc warlord
 16585 | Bailey   | Demolished by an orc warrior

Illustrated notes

Levels and vault maps discovered:
D:1:      dpeg_arrival_tiny_i, layout_rooms, chequers_jeans
D:2:      layout_rooms, basic_ecumenical_altar, uniq_sigmund, uniq_jessica,
          uniq_natasha
D:3:      layout_rooms
D:4:      layout_basic, minmay_temple_entry_junction_2, uniq_pikel
D:5:      layout_basic, lemuel_crystal_altar, serial_shops, shop_statue,
          uniq_crazy_yiuf_cottage
D:6:      layout_basic, gup_ossuary_entry_pyramid, serial_corexii_hall,
          chequers_hall_statues_wall_a, chequers_hall_statues_wall_a,
          grunt_tough_drop, uniq_blork_the_orc
D:7:      layout_cave_pods
D:8:      layout_basic, minmay_misc_feat_diagonals, uniq_erica
D:9:      layout_roguey, serial_curves, eino_curves_03, eino_curves_02,
          nzn_random_ring, uniq_grum
D:10:     layout_loops_ring, gammafunk_ghost_smash, uniq_maggie
D:11:     layout_roguey, lair_entry_dummy, enter_bailey_3,
          hangedman_abyss_or_decor_stabs, kennysheep_nub,
          kennysheep_generic_room_6
Temple:   compressed_dpeg_circular_temple
Bailey:   bailey_axe_minmay_hex_keep, bailey

Skill      XL: |  1  2  3  4  5  6  7  8  9 10 11 12 |
---------------+-------------------------------------+-----
Dodging        | 3 5 |  5.5
Unarmed Combat | 4 5 6 7 9 10 | 10.6
Fighting       | 2 3 6 |  6.8
Transmutations | 3 7 9 11 | 11.8
Poison Magic   | 1 3 |  3.9
Ice Magic      | 3 6 8 |  8.5
Shields        | 3 4 |  4.0
Armour         | 5 |  5.3
Evocations     | 6 |  6.0
Spellcasting   | |  2.0

Action                   |  1- 3 |  4- 6 |  7- 9 | 10-12 || total
-------------------------+-------+-------+-------+-------++-------
Melee: Unarmed           |    73 |   100 |   369 |   400 ||   942
       Headbutt          |     9 |     5 |       |       ||    14
       Punch             |     1 |       |       |       ||     1
Throw: Boomerang         |    21 |    34 |       |       ||    55
       Dart              |       |    11 |       |       ||    11
 Cast: Beastly Appendage |     9 |     8 |       |       ||    17
       Spider Form       |       |     2 |    22 |       ||    24
       Ice Form          |       |       |    21 |    41 ||    62
Invok: Heroism           |       |       |       |     1 ||     1
Evoke: Wand              |       |       |       |    25 ||    25
  Use: Potion            |       |     1 |       |     1 ||     2
       Scroll            |       |       |     7 |     6 ||    13
 Stab: Paralysed         |       |       |       |     5 ||     5
Armor: Robe              |     7 |       |       |       ||     7
       Leather armour    |    11 |    20 |     2 |       ||    33
       Skin              |       |     2 |    67 |    90 ||   159
       Steam dragon scal |       |       |     6 |     2 ||     8
Dodge: Dodged            |    55 |    67 |   257 |   214 ||   593
Block: Buckler           |       |       |       |     1 ||     1

Table legend: (Time is in decaauts)
 A = Elapsed time spent in this place.
 B = Non-inter-level travel time spent in this place.
 C = Inter-level travel time spent in this place.
 D = Time resting spent in this place.
 E = Time spent auto-exploring this place.
 F = Levels seen in this place.
 G = Mean time per level.
                   A        B        C        D        E       F      G
               +--------+--------+--------+--------+--------+-----+--------+
         Total |  16483 |  15114 |   1369 |   5556 |   7411 |  14 | 1177.4 |
       Dungeon |  15074 |  13720 |   1354 |   5257 |   6611 |  11 | 1370.4 |
        Temple |     18 |      3 |     15 |      0 |      1 |   1 |   18.0 |
       Ossuary |    555 |    555 |      0 |      0 |    417 |   1 |  555.0 |
        Bailey |    834 |    834 |      0 |    299 |    382 |   1 |  834.0 |
               +--------+--------+--------+--------+--------+-----+--------+

Top non-repeatable levels by time:
     D:9: 3162 daAuts
     D:8: 2026 daAuts
     D:6: 1630 daAuts
     D:1: 1612 daAuts
    D:10: 1377 daAuts
     D:7: 1308 daAuts
     D:5: 1076 daAuts
     D:2: 1025 daAuts
     D:3: 984 daAuts
  Bailey: 834 daAuts
     D:4: 801 daAuts
 Ossuary: 555 daAuts
    D:11: 68 daAuts
  Temple: 18 daAuts
